AoeStats
← Havax

Arabia

506577970Analyzed
2v2 RM · 19d ago on Sep 14, 2026· 53m 5s· 4 players
Game mode
Random Map
Map size
Medium (4 player)
Population
200
Speed
Normal
Resources
Standard
Victory
Conquest
Starting age
Dark Age
Ending age
Imperial Age
RankedLock teamsTeams togetherTeam positionsShared explorationLock speedFull tech treeHidden civsTurbo modeCheats
Victory
Defeat
🇺🇸 Bohemians · United States
1062
+16
🇲🇽 Huns · Mexico
1021
+18
🇺🇸 Armenians · United States
1073
-17
🇺🇸 Tupi · United States
1061
-17
dafr1997
6:45 Loom
9:28 Feudal Age
10:27 Double-Bit Axe
16:30 Wheelbarrow
19:19 Castle Age
17:08 Horse Collar
17:20 Gold Mining
19:42 Bloodlines
19:24 Fletching
22:42 Bow Saw
23:43 Gold Shaft Mining
23:08 Town Watch
24:11 Bodkin Arrow
24:23 Husbandry
25:19 Heavy Plow
26:11 Padded Archer Armor
27:01 Ballistics
30:53 Town Patrol
31:23 Elite Skirmisher
33:23 Thumb Ring
35:22 Light Cavalry
37:16 Coinage
41:31 Imperial Age
39:09 Stone Mining
40:46 Scale Barding Armor
41:49 Masonry
41:59 Hussar
44:24 Leather Archer Armor
44:31 Chain Barding Armor
44:12 Bracer
44:22 Forging
45:22 Capped Ram
48:34 Plate Barding Armor
48:35 Iron Casting
48:56 Conscription
49:52 Chemistry
48:50 Murder Holes
50:08 Two-Man Saw
49:13 Siege Ram
49:30 Heavy Cavalry Archer
Havax
4:20 Loom
10:50 Feudal Age
13:28 Wheelbarrow
12:41 Horse Collar
12:47 Double-Bit Axe
17:56 Castle Age
18:13 Fletching
21:37 Hand Cart
21:15 Town Watch
22:33 Chemistry
29:56 Ballistics
40:03 Imperial Age
39:33 Wagenburg Tactics
39:40 Bodkin Arrow
41:47 Conscription
41:26 Houfnice
44:05 Conscription
47:33 Bombard Tower
47:19 Siege Engineers
46:53 Onager
47:59 Elite Hussite Wagon
49:03 Caravan
Triqem
10:58 Feudal Age
18:20 Loom
20:46 Castle Age
19:22 Scale Mail Armor
20:23 Stone Mining
20:20 Double-Bit Axe
20:17 Horse Collar
23:51 Fletching
24:06 Padded Archer Armor
24:45 Gold Mining
25:08 Bow Saw
24:30 Champi Runner
25:26 Arson
26:27 Wheelbarrow
26:19 Bodkin Arrow
25:48 Champi Warrior
28:15 Squires
29:11 Forging
31:14 Chain Mail Armor
33:39 Iron Casting
37:59 Imperial Age
36:59 Caciques
36:59 Town Watch
37:49 Ballistics
37:44 Heavy Plow
38:36 Leather Archer Armor
38:55 Elite Champi Warrior
40:49 Plate Mail Armor
42:39 Two-Man Saw
43:06 Bracer
43:36 Ring Archer Armor
42:42 Elite Blackwood Archer
43:45 Conscription
44:35 Chemistry
44:24 Gold Shaft Mining
47:25 Treadmill Crane
50:38 Curare
DVaso
11:13 Feudal Age
10:18 Loom
18:41 Castle Age
17:07 Double-Bit Axe
17:06 Man-at-Arms
17:31 Horse Collar
19:44 Scale Mail Armor
20:24 Long Swordsman
21:25 Squires
21:33 Gambesons
21:25 Two-Handed Swordsman
24:35 Arson
25:16 Forging
26:22 Chain Mail Armor
28:21 Iron Casting
28:41 Elite Skirmisher
34:49 Pikeman
38:56 Imperial Age
37:01 Fletching
37:30 Padded Archer Armor
38:16 Bodkin Arrow
39:54 Ballistics
40:12 Bracer
43:30 Conscription
45:25 Masonry
46:50 Hoardings
47:25 Leather Archer Armor
48:51 Wheelbarrow
48:01 Town Watch
48:09 Gold Mining
51:48 Ring Archer Armor
Connection lost

Rejoining the realm…

Still unreachable

The connection could not be restored.

Session expired

The server has moved on; the page needs a fresh start.